 Dungeon Crawl Stone Soup version 0.31-a0-1603-gbec6b6ccbf (webtiles) character file.

Game seed: 3352099675655199746

3832 Xavori the Ducker (level 10, -2/73 HPs)
             Began as a Djinni Chaos Knight on Jan 7, 2024.
             Was a Plaything of Xom.
             Slain by a +2 spectral quarterstaff (6 damage)
             ... created by Joseph
             ... on level 8 of the Dungeon.
             The game lasted 00:11:17 (14133 turns).

Xavori the Ducker (Djinni Chaos Knight)            Turns: 14133, Time: 00:11:18

Health: -2/73      AC:  9    Str: 28    XL:     10   Next: 40%
Gold:   170        EV: 18    Int: 13    God:    Xom [......] SH: 14 Dex: 14

rFire   + + .        C - +3 long sword
rCold   x . .        y - +1 kite shield {rN+}
rNeg    + . .        b - +2 leather armour
rPois   ∞            (helmet restricted)
rElec   .            (no cloak)
rCorr   .            h - +2 pair of gloves {Str+3}
SInv    .            (boots unavailable)
Will    +....        (no amulet)
Stlth   +            f - +5 ring of evasion
HPRegen 0.00/turn    r - +6 ring of strength
MPRegen 0.00/turn

%: random rage (3%), infuse magic (-3 HP)
@: weakened, flying, inhibited regen
A: sickness immunity, fire resistance 2, cold vulnerability 1, float, innate
caster, HP casting, extra vitality 1, horns 1, iridescent scales 1, large bone
plates 1, berserk 1, deformed body, inhibited regeneration, strong 2, wild magic
3, MP-powered wands, devolution 1
a: Renounce Religion


You were on level 8 of the Dungeon.
You worshipped Xom.
You were a very special plaything of Xom.
You visited 1 branch of the dungeon, and saw 8 of its levels.

You collected 600 gold pieces.
You spent 430 gold pieces at shops.

Inventory:

Hand Weapons
 C - a +3 long sword (weapon)
Armour
 b - a +2 leather armour (worn)
 h - a +2 pair of gloves of strength (worn)
 o - a +0 helmet
 y - a +1 kite shield of positive energy (worn)
Jewellery
 f - a +5 ring of evasion (left hand)
 r - a +6 ring of strength (right hand)
 u - a ring of positive energy
 B - an amulet of the acrobat
Scrolls
 c - a scroll of butterflies
 g - 3 scrolls of fog
 j - a scroll of enchant armour
 l - a scroll of poison
 n - 2 scrolls of vulnerability
 q - 7 scrolls of teleportation
 v - 4 scrolls of fear
 w - 3 scrolls of silence
 x - a scroll of brand weapon
 z - a scroll of revelation
 A - a scroll of enchant weapon
Potions
 d - a potion of haste {unknown}
 i - a potion of might
 k - 2 potions of enlightenment
 m - 2 potions of brilliance
 p - a potion of ambrosia


   Skills:
 + Level 6.4 Fighting
 + Level 5.8 Long Blades
 + Level 5.6 Armour
 + Level 6.5 Dodging
 + Level 3.5 Shields
 * Level 6.0 Spellcasting
 * Level 6.0 Conjurations
 * Level 6.0 Hexes
   Level 0.0 Charms
 * Level 6.0 Summonings
 * Level 6.0 Necromancy
 * Level 6.0 Translocations
   Level 0.0 Transmutations
 * Level 6.0 Fire Magic
 * Level 6.0 Ice Magic
 * Level 6.0 Air Magic
 * Level 6.0 Earth Magic
 * Level 6.0 Alchemy


You knew the following spells:

 Your Spells              Type           Power      Damage    Failure   Level
a - Necrotise             Necr           100%       1d9       13%         1
b - Mercury Vapours       Alch/Air       74%        N/A       17%         2
c - Ensorcelled Hibernat  Hex/Ice        74%        N/A       17%         2
d - Dimensional Bullseye  Hex/Tloc       18%        N/A       56%         4
Your spell library was empty.

Dungeon Overview and Level Annotations

Branches:
Dungeon (8/15)             Temple (0/1) D:7
   Lair: D:8-11

Altars:
Ashenzari
Cheibriados
Fedhas
Gozag
Okawaru
Qazlal
Ru
Trog
Xom

Shops:
D:5 ?   D:6 *   D:7 *

Annotations:
D:6 1 runed translucent door, osoart's ghost, novice OpAl
D:8 Joseph


Innate Abilities, Weirdness & Mutations

You are immune to sickness and miasma.
You are immune to poison.
Your flesh is very heat resistant. (rF++)
You are vulnerable to cold. (rC-)
You float through the air rather than walking.
You learn spells naturally, not from books.
Your magical power is your life essence.
You have superior vitality. (+4 MHP)
You have a pair of small horns on your head.
You are partially covered in iridescent scales. (AC +2)
You are partially covered in large bone plates. (SH +4)
You sometimes lose your temper in combat.
Armour fits poorly on your strangely shaped body.
You do not regenerate when monsters are visible.
Your muscles are very strong. (Str +8, Int/Dex -2)
Your spells are much harder to cast, but much more powerful.
You expend health (3 HP) to strengthen your wands.
You have hidden genetic defects.


Message History

The +2 spectral quarterstaff hits you but does no damage.
You block the +2 spectral quarterstaff's attack.
Joseph zaps a wand.
The puff of flame hits you. You resist.
You block the +2 spectral quarterstaff's attack.
You barely miss Joseph.
Joseph is heavily wounded.
You block the +2 spectral quarterstaff's attack.
The +2 spectral quarterstaff disappears.
Joseph hits you with a +2 spectral quarterstaff.
You block the +2 spectral quarterstaff's attack.
Your magical contamination has completely faded away.
A +2 spectral quarterstaff comes into view.
You barely miss Joseph. Your headbutt misses Joseph.
Joseph is severely wounded.
You block Joseph's attack.
You block the +2 spectral quarterstaff's attack.
Unknown command.
You slash Joseph!
Joseph is severely wounded.
You block Joseph's attack. The +2 spectral quarterstaff hits you!
* * * LOW HITPOINT WARNING * * *
Unknown command.
You slash Joseph! You headbutt Joseph, but do no damage.
Joseph is almost dead.
You block Joseph's attack.
You block the +2 spectral quarterstaff's attack.
You block Joseph's attack. The +2 spectral quarterstaff hits you.
* * * LOW HITPOINT WARNING * * *
Unknown command.
You closely miss Joseph. Your headbutt misses Joseph.
Joseph is almost dead.
You block Joseph's attack. The +2 spectral quarterstaff hits you!
* * * LOW HITPOINT WARNING * * *
Unknown command.
You barely miss Joseph.
Joseph is almost dead.
The +2 spectral quarterstaff misses you.
The +2 spectral quarterstaff hits you.
You die... "It was about time."

#< #.
####.###### #
#.........#
..#........<#
#...........#
#......(..#
#.....@@..#
#.........#
###########


You could see Joseph (very poisoned, weak) and a +2 spectral quarterstaff.

Vanquished Creatures
  A culicivora (D:4)
  2 steam dragons (D:7)
  3 water moccasins
  An orc warrior (D:6)
  2 ice beasts
  A black bear (D:4)
  An ogre (D:4)
  7 phantoms
  3 bullfrogs
  2 scorpions
  3 wights (D:7)
  A wyvern zombie (D:6)
  A water moccasin skeleton (D:6)
  A howler monkey (shapeshifter) (D:4)
  A howler monkey (D:6)
  3 bullfrog zombies (D:6)
  A hound (D:5)
  A jelly (D:5)
  3 orc priests
  3 bombardier beetles
  5 centaur zombies (D:6)
  A bullfrog skeleton (D:6)
  2 centaur skeletons (D:6)
  Jessica (D:3)
  A gnoll bouda (D:5)
  Natasha (twice) (D:2)
  6 orc wizards
  A killer bee zombie (D:6)
  A howler monkey zombie (D:6)
  3 gnolls (D:5)
  13 adders
  A howler monkey skeleton (D:6)
  3 shadow imps
  A white imp (D:7)
  2 ufetubi (D:7)
  6 ribbon worms
  21 orcs
  4 ball pythons
  An endoplasm (shapeshifter) (D:2)
  6 endoplasms
  4 giant cockroaches
  8 goblins
  7 hobgoblins
  7 jackals
  6 kobolds
  3 quokkas
  6 bats
  8 frilled lizards
  5 rats
176 creatures vanquished.

Vanquished Creatures (collateral kills)
  Menkaure (D:7)
  A black bear (D:4)
  2 wights (D:7)
  A bat (D:3)
  A goblin (D:3)
  A rat (D:2)
7 creatures vanquished.

Vanquished Creatures (others)
  An eldritch tentacle (D:4)
  A rat zombie (D:2)
2 creatures vanquished.

Grand Total: 185 creatures vanquished

Notes
Turn   | Place    | Note
-------+----------+-------------------------------------------
     0 | D:1      | Xavori the Djinni Chaos Knight began the quest for the Orb.
     0 | D:1      | Reached XP level 1. HP: 20/20 MP: 0/0
   186 | D:1      | Reached XP level 2. HP: 25/25 MP: 0/0
   567 | D:1      | XOM: cloud trail
   650 | D:1      | XOM: god gift: 53 gold pieces
   662 | D:1      | XOM: scenery: summon butterflies
   679 | D:1      | XOM: scenery: 1 doors open, 2 doors close
   821 | D:1      | XOM: give mutations
   821 | D:1      | Gained mutation: You are resistant to electric shocks.
                  | (rElec) [Xom's grace]
   821 | D:1      | Gained mutation: Your muscles are strong. (Str +4, Int/Dex
                  | -1) [Xom's grace]
   866 | D:1      | XOM: give mutations
   866 | D:1      | Gained mutation: You are partially covered in iridescent
                  | scales. (AC +2) [Xom's grace]
   866 | D:1      | Gained mutation: You have hidden genetic potential. [Xom's
                  | grace]
   866 | D:1      | Gained mutation: Your muscles are very strong. (Str +8,
                  | Int/Dex -2) [Xom's grace]
  1184 | D:1      | XOM is BORED!
  1184 | D:1      | XOM: give mutations
  1184 | D:1      | Gained mutation: Armour fits poorly on your strangely
                  | shaped body. [Xom's mischief]
  1184 | D:1      | Lost mutation: You are partially covered in iridescent
                  | scales. (AC +2) [Xom's mischief]
  1184 | D:1      | Gained mutation: Your spells are a little easier to cast,
                  | but a little less powerful. [Xom's mischief]
  1462 | D:1      | XOM: god gift: +2 pair of gloves of strength
  1622 | D:1      | XOM: divination: detect creatures
  2412 | D:1      | XOM: silly message
  2822 | D:1      | XOM: silly message
  3120 | D:1      | XOM: silly message
  3264 | D:1      | XOM: silly message
  4001 | D:1      | XOM: silly message
  4079 | D:1      | XOM: silly message
  4916 | D:1      | XOM: god gift: 40 gold pieces
  5145 | D:1      | XOM: scenery: create altars
  5297 | D:1      | XOM: noise
  5435 | D:1      | XOM: noise
  6241 | D:1      | XOM: give mutations
  6241 | D:1      | Gained mutation: You occasionally shout uncontrollably at
                  | your foes. [Xom's mischief]
  6241 | D:1      | Gained mutation: You are covered in fur. (AC +1) [Xom's
                  | mischief]
  6337 | D:1      | XOM is BORED!
  6337 | D:1      | XOM: noise
  6874 | D:1      | XOM: divination: detect creatures
  7215 | D:1      | XOM is BORED!
  7215 | D:1      | XOM: give mutations
  7215 | D:1      | Gained mutation: You possess an exceptional clarity of
                  | mind. [Xom's mischief]
  7215 | D:1      | Lost mutation: You occasionally shout uncontrollably at
                  | your foes. [Xom's mischief]
  7614 | D:1      | XOM: give mutation
  7614 | D:1      | Lost mutation: Your spells are a little easier to cast, but
                  | a little less powerful. [Xom's mischief]
  7744 | D:2      | Reached skill level 1 in Spellcasting
  7744 | D:2      | Reached skill level 1 in Conjurations
  7744 | D:2      | Reached skill level 1 in Hexes
  7744 | D:2      | Reached skill level 1 in Summonings
  7744 | D:2      | Reached skill level 1 in Necromancy
  7744 | D:2      | Reached skill level 1 in Translocations
  7744 | D:2      | Reached skill level 1 in Fire Magic
  7744 | D:2      | Reached skill level 1 in Ice Magic
  7744 | D:2      | Reached skill level 1 in Air Magic
  7744 | D:2      | Reached skill level 1 in Earth Magic
  7744 | D:2      | Reached skill level 1 in Alchemy
  7744 | D:2      | Reached XP level 3. HP: 28/30 MP: 0/0
  7744 | D:2      | Learned a level 1 spell: Necrotise
  7764 | D:2      | XOM: noise
  7782 | D:2      | Gained mutation: Your natural rate of healing is unusually
                  | fast. [hidden potential]
  7989 | D:2      | Reached XP level 4. HP: 34/35 MP: 0/0
  8095 | D:2      | Noticed Natasha
  8103 | D:2      | Killed Natasha
  8124 | D:2      | Gained mutation: You passively dampen the noise of your
                  | surroundings. [hidden potential]
  8124 | D:2      | Lost mutation: You have hidden genetic potential. [hidden
                  | potential expressed]
  8141 | D:2      | Noticed Natasha
  8147 | D:2      | Killed Natasha
  8190 | D:2      | Reached XP level 5. HP: 40/40 MP: 0/0
  8190 | D:2      | Learned a level 2 spell: Mercury Vapours
  8280 | D:2      | Found a faded altar of an unknown god.
  8429 | D:2      | XOM: noise
  8566 | D:2      | XOM: summons 1 hostile demon
  8603 | D:2      | Noticed Natasha
  8606 | D:2      | Natasha changed into Natasha the shapeshifter
  8606 | D:2      | Noticed Natasha (shapeshifter)
  8606 | D:2      | XOM: polymorph Natasha -> Natasha the shapeshifter
  8606 | D:2      | Natasha the shapeshifter changed into Natasha the swamp
                  | drake
  8606 | D:2      | Noticed Natasha (shapeshifter)
  8609 | D:2      | Natasha the swamp drake changed into Natasha the hound
  8732 | D:2      | XOM: give mutation
  8732 | D:2      | Lost mutation: You are resistant to electric shocks.
                  | (rElec) [Xom's mischief]
  8922 | D:3      | Noticed Jessica
  8929 | D:3      | Killed Jessica
  8930 | D:3      | Reached XP level 6. HP: 47/47 MP: 0/0
  9064 | D:3      | Found a broken altar of Ashenzari.
  9219 | D:3      | XOM: give mutation
  9219 | D:3      | Lost mutation: You are covered in fur. (AC +1) [Xom's
                  | mischief]
  9305 | D:4      | Found an iron altar of Okawaru.
  9305 | D:4      | Noticed an ogre
  9315 | D:4      | XOM: chaos upgrade
  9346 | D:4      | Killed an ogre
  9353 | D:4      | Found an opulent altar of Gozag.
  9407 | D:4      | a scorpion changed into a culicivora
  9407 | D:4      | Noticed a culicivora
  9413 | D:4      | Killed a culicivora
  9414 | D:4      | Reached XP level 7. HP: 29/52 MP: 0/0
  9414 | D:4      | Learned a level 2 spell: Ensorcelled Hibernation
  9554 | D:4      | Noticed a water moccasin
  9600 | D:4      | Killed a water moccasin
  9626 | D:4      | XOM: give mutations
  9626 | D:4      | Lost mutation: Your muscles are very strong. (Str +8,
                  | Int/Dex -2) [Xom's mischief]
  9626 | D:4      | Lost mutation: Your natural rate of healing is unusually
                  | fast. [Xom's mischief]
  9626 | D:4      | Gained mutation: You do not regenerate when monsters are
                  | visible. [Xom's mischief]
  9661 | D:4      | Found a bloodstained altar of Trog.
  9677 | D:4      | XOM: god gift: 47 gold pieces
  9766 | D:4      | XOM: god gift: ring mail {god gift}
  9779 | D:4      | XOM: cast spell 'Malign Gateway'
  9782 | D:4      | Reached XP level 8. HP: 56/58 MP: 0/0
 10372 | D:4      | XOM: god gift: book of Death
 10446 | D:5      | Entered Level 5 of the Dungeon
 10773 | D:5      | XOM: divination: detect creatures
 10967 | D:5      | Found Zevuj's Magic Scroll Boutique.
 10991 | D:5      | XOM: fog
 11060 | D:5      | Bought a scroll of identify for 22 gold pieces
 11060 | D:5      | Bought a scroll of identify for 22 gold pieces
 11060 | D:5      | Bought a scroll of revelation for 82 gold pieces
 11060 | D:5      | Bought a scroll of teleportation for 33 gold pieces
 11060 | D:5      | Bought a scroll of fear for 44 gold pieces
 11060 | D:5      | Bought a scroll of teleportation for 33 gold pieces
 11060 | D:5      | Bought a scroll of silence for 104 gold pieces
 11092 | D:5      | XOM: enchant monster (bad)
 11095 | D:5      | Reached skill level 5 in Fighting
 11202 | D:5      | a jelly changed into a shapeshifter
 11202 | D:5      | Noticed a shapeshifter (shapeshifter)
 11202 | D:5      | XOM: polymorph jelly -> shapeshifter
 11202 | D:5      | a shapeshifter changed into a fire bat
 11202 | D:5      | Noticed a fire bat (shapeshifter)
 11209 | D:4      | a fire bat changed into a jelly
 11219 | D:4      | a centaur changed into a shapeshifter
 11219 | D:4      | Noticed a shapeshifter (shapeshifter)
 11219 | D:4      | XOM: polymorph centaur -> shapeshifter
 11219 | D:4      | a shapeshifter changed into a hound
 11231 | D:4      | a river rat changed into a shapeshifter
 11231 | D:4      | Noticed a shapeshifter (shapeshifter)
 11231 | D:4      | a shapeshifter changed into a swamp drake
 11246 | D:4      | Reached skill level 5 in Dodging
 11246 | D:4      | Reached XP level 9. HP: 28/65 MP: 0/0
 11246 | D:4      | Learned a level 4 spell: Dimensional Bullseye
 11447 | D:5      | XOM: give mutations
 11447 | D:5      | Gained mutation: You are partially covered in large bone
                  | plates. (SH +4) [Xom's grace]
 11447 | D:5      | Gained mutation: Your spells are a little harder to cast,
                  | but a little more powerful. [Xom's grace]
 11447 | D:5      | Gained mutation: You are partially covered in iridescent
                  | scales. (AC +2) [Xom's grace]
 11447 | D:5      | Gained mutation: Your spells are harder to cast, but more
                  | powerful. [Xom's grace]
 11553 | D:6      | Found a runed translucent door.
 11553 | D:6      | Found a shimmering altar of Xom.
 11553 | D:6      | Noticed osoart's ghost (novice OpAl)
 11553 | D:6      | Noticed a +2 mace of chaos
 11587 | D:6      | XOM: polymorph ogre -> bombardier beetle
 11594 | D:6      | XOM: fog
 11612 | D:6      | XOM: enchant monster (good)
 11637 | D:6      | Reached skill level 1 in Shields
 11730 | D:6      | XOM: scenery: summon butterflies
 11751 | D:6      | Reached skill level 5 in Spellcasting
 11751 | D:6      | Reached skill level 5 in Conjurations
 11751 | D:6      | Reached skill level 5 in Hexes
 11751 | D:6      | Reached skill level 5 in Summonings
 11751 | D:6      | Reached skill level 5 in Necromancy
 11751 | D:6      | Reached skill level 5 in Translocations
 11751 | D:6      | Reached skill level 5 in Fire Magic
 11751 | D:6      | Reached skill level 5 in Ice Magic
 11751 | D:6      | Reached skill level 5 in Air Magic
 11751 | D:6      | Reached skill level 5 in Earth Magic
 11751 | D:6      | Reached skill level 5 in Alchemy
 11778 | D:6      | Found Jodoz's General Store.
 11778 | D:6      | XOM: 3-stop teleportation journey
 11790 | D:6      | Reached skill level 5 in Long Blades
 11792 | D:6      | XOM: god gift: Xom's Book of Chaos {god gift}
 11802 | D:6      | XOM: cast spell 'Disjunction'
 11838 | D:6      | XOM: stat loss: -1 Int (13/14)
 11897 | D:6      | XOM: chaos cloud
 11909 | D:6      | XOM: blink monster(s)
 11989 | D:6      | XOM: scenery: 1 doors open
 12066 | D:6      | Found a stormy altar of Qazlal.
 12071 | D:6      | Found a snail-covered altar of Cheibriados.
 12117 | D:6      | XOM: silly message
 12203 | D:6      | Found a blossoming altar of Fedhas.
 12234 | D:6      | Bought a scroll of enchant weapon for 90 gold pieces
 12292 | D:6      | Reached skill level 5 in Armour
 12420 | D:6      | XOM: divination: detect creatures
 12431 | D:6      | Reached XP level 10. HP: 68/72 MP: 0/0
 12645 | D:6      | XOM: torment (27/72 hp)
 12761 | D:6      | XOM: scenery: summon butterflies
 12764 | D:7      | XOM: cleaving
 12964 | D:7      | XOM: god gift: 2 silver javelins
 13020 | D:7      | XOM: god gift: 35 gold pieces
 13041 | D:7      | Found a staircase to the Ecumenical Temple.
 13143 | D:7      | XOM: give mutations
 13143 | D:7      | Lost mutation: You passively dampen the noise of your
                  | surroundings. [Xom's mischief]
 13143 | D:7      | Lost mutation: You possess an exceptional clarity of mind.
                  | [Xom's mischief]
 13143 | D:7      | Gained mutation: You have a pair of small horns on your
                  | head. [Xom's mischief]
 13143 | D:7      | Gained mutation: You have hidden genetic defects. [Xom's
                  | mischief]
 13174 | D:7      | Found Vead's Gadget Gallery.
 13306 | D:7      | XOM: 2-stop teleportation journey
 13319 | D:7      | XOM: god gift: ring mail {god gift}
 13387 | D:7      | Noticed Menkaure
 13388 | D:7      | XOM: god gift: 24 gold pieces
 13391 | D:7      | Killed Menkaure
 13400 | D:7      | XOM: divination: detect items
 13563 | D:7      | Found a sacrificial altar of Ru.
 13568 | D:7      | XOM: give mutations
 13568 | D:7      | Gained mutation: You expend health (3 HP) to strengthen
                  | your wands. [Xom's grace]
 13568 | D:7      | Gained mutation: Your muscles are very strong. (Str +8,
                  | Int/Dex -2) [Xom's grace]
 13568 | D:7      | Gained mutation: Your spells are much harder to cast, but
                  | much more powerful. [Xom's grace]
 13732 | D:7      | XOM: potion effect (haste)
 14042 | D:7      | Gained mutation: You sometimes lose your temper in combat.
                  | [hidden defects]
 14110 | D:8      | Noticed Joseph
 14116 | D:8      | XOM: confusion (+ monsters)
 14120 | D:8      | XOM: chaos upgrade
 14124 | D:8      | XOM: repel stairs
 14133 | D:8      | Slain by a +2 spectral quarterstaff

Illustrated notes

Levels and vault maps discovered:
D:1:      mushboom_english_gardens, layout_basic
D:2:      minmay_razor_zed, layout_basic, nicolae_ecumenical_lake_church,
          minmay_tree_intersection, uniq_natasha
D:3:      layout_basic, mainiacjoe_overflow_alcove_4, hangedman_decor_push,
          uniq_jessica
D:4:      layout_basic, nicolae_overflow_crystal_walls, nicolae_overflow_squiral
D:5:      layout_basic, serial_shops, shop_fountains
D:6:      layout_basic, fedhas_altar_3, grunt_temple_overflow_diamond,
          mainiacjoe_overflow_chevrons, serial_shops,
          nicolae_shop_advertising_works [nicolae_subvault_shop_adworks],
          serial_undead, serial_undead_b, serial_undead_e, serial_undead_d,
          serial_undead_d, serial_undead_b, serial_undead_c, serial_undead_f,
          serial_undead_d, ebering_ghost_xom
D:7:      layout_layer_cave, mainiacjoe_overflow_surrounded_room, temple_green,
          nicolae_shop_gadgets, uniq_menkaure
D:8:      layout_rooms, serial_shops, shop, uniq_joseph, uniq_erica

Skill      XL: |  1  2  3  4  5  6  7  8  9 10 |
---------------+-------------------------------+-----
Spellcasting   | 1 2 3 4 5 6 |  6.0
Conjurations   | 1 2 3 4 5 6 |  6.0
Hexes          | 1 2 3 4 5 6 |  6.0
Summonings     | 1 2 3 4 5 6 |  6.0
Necromancy     | 1 2 3 4 5 6 |  6.0
Translocations | 1 2 3 4 5 6 |  6.0
Fire Magic     | 1 2 3 4 5 6 |  6.0
Ice Magic      | 1 2 3 4 5 6 |  6.0
Air Magic      | 1 2 3 4 5 6 |  6.0
Earth Magic    | 1 2 3 4 5 6 |  6.0
Alchemy        | 1 2 3 4 5 6 |  6.0
Long Blades    | 3 4 5 |  5.8
Armour         | 2 3 4 5 |  5.6
Dodging        | 3 4 5 6 |  6.5
Fighting       | 4 5 6 |  6.4
Shields        | 2 3 |  3.5

Action                     |  1- 3 |  4- 6 |  7- 9 | 10-12 || total
---------------------------+-------+-------+-------+-------++-------
  Melee: Falchion          |   105 |   189 |   491 |    90 ||   875
         Punch             |       |       |     4 |       ||     4
         Unarmed           |       |       |     6 |       ||     6
         Long sword        |       |       |       |    48 ||    48
         Headbutt          |       |       |       |    13 ||    13
   Cast: Mercury Vapours   |       |     7 |    11 |    10 ||    28
         Ensorcelled Hiber |       |       |     1 |       ||     1
    Use: Scroll            |       |     5 |     4 |     1 ||    10
         Potion            |       |       |     3 |     3 ||     6
   Stab: Confused          |       |     2 |     4 |     2 ||     8
         Paralysed         |       |       |     2 |       ||     2
         Sleeping          |       |       |     2 |       ||     2
         Petrifying        |       |       |     2 |     1 ||     3
         Held in net/web   |       |       |     2 |       ||     2
         Petrified         |       |       |       |     2 ||     2
 Armour: Leather armour    |    44 |    77 |   231 |    80 ||   432
         Skin              |       |       |     4 |       ||     4
  Dodge: Dodged            |    94 |   175 |   465 |   124 ||   858
  Block: Kite shield       |       |       |   225 |   170 ||   395

Table legend: (Time is in decaauts)
 A = Elapsed time spent in this place.
 B = Non-inter-level travel time spent in this place.
 C = Inter-level travel time spent in this place.
 D = Time resting spent in this place.
 E = Time spent auto-exploring this place.
 F = Levels seen in this place.
 G = Mean time per level.
                   A        B        C        D        E       F      G
               +--------+--------+--------+--------+--------+-----+--------+
         Total |  14246 |  14092 |    154 |   7643 |   4621 |   8 | 1780.8 |
       Dungeon |  14246 |  14092 |    154 |   7643 |   4621 |   8 | 1780.8 |
               +--------+--------+--------+--------+--------+-----+--------+

Top non-repeatable levels by time:
     D:1: 7721 daAuts
     D:7: 1369 daAuts
     D:4: 1333 daAuts
     D:6: 1231 daAuts
     D:2: 1117 daAuts
     D:5: 962 daAuts
     D:3: 484 daAuts
     D:8: 25 daAuts
